 Dungeon Crawl Stone Soup version 0.28.0-45-g0d030f2227 (webtiles) character file.

Game seed: 5641977995768659968

53 brightshaft the Skirmisher (level 4, -2/37 HPs)
             Began as a Djinni Cinder Acolyte on Apr 17, 2022.
             Was a High Priest of Ignis.
             Slain by Sigmund
             ... wielding a +3 scythe of venom
              (4 damage)
             ... on level 2 of the Dungeon.
             The game lasted 00:03:39 (2336 turns).

brightshaft the Skirmisher (Djinni Cinder Acolyte)  Turns: 2336, Time: 00:03:40

Health: -2/37      AC:  2    Str: 12 (13) XL:     4   Next: 11%
Gold:   121        EV: 11    Int: 14 (17) God:    Ignis [*****.] SH:  0 Dex:  8 (9)

rFire   + + +      SeeInvis .   a - -1 falchion (flame)
rCold   x . .      Faith    .   (no shield)
rNeg    . . .      Spirit   .   b - +0 robe
rPois   ∞          Reflect  .   (no helmet)
rElec   .          Harm     .   (no cloak)
rCorr   .          Rampage  .   (no gloves)
Will    .....                   (boots unavailable)
Stlth   +.........              (no amulet)
HPRegen 0.12/turn               (no ring)
MPRegen 0.00/turn               (no ring)

@: flying
A: sickness immunity, fire resistance 2, cold vulnerability 1, float, innate
caster, HP casting, extra vitality 1
a: Renounce Religion, Fiery Armour, Foxfire Swarm, Rising Flame


You were on level 2 of the Dungeon.
You worshipped Ignis.
Ignis was extremely pleased with you.
You visited 1 branch of the dungeon, and saw 2 of its levels.

You collected 121 gold pieces.

Inventory:

Hand Weapons
 a - a -1 falchion of flaming (weapon)
Armour
 b - a +0 robe (worn)
Scrolls
 d - a scroll of acquirement {unknown}
 e - 2 scrolls of identify {unknown}
 g - a scroll of enchant armour {unknown}
 i - a scroll of noise {unknown}
Potions
 f - a potion of degeneration
 h - 2 potions of heal wounds {unknown}
 j - a potion of attraction {unknown}


   Skills:
 + Level 3.9 Fighting
 - Level 2.6 Long Blades
 + Level 3.1 Spellcasting


You had 6 spell levels left.
You knew the following spells:

 Your Spells              Type           Power      Damage    Failure   Level
a - Scorch                Fire           20%        2d6       9%          2
b - Sandblast             Erth           20%        2d7       6%          1
Your spell library was empty.

Dungeon Overview and Level Annotations

Branches:
Dungeon (2/15)

Altars:

Annotations:
D:2 1 runed translucent door, Crazy Yiuf, Sigmund


Innate Abilities, Weirdness & Mutations

You are immune to sickness and miasma.
You are immune to poison.
Your flesh is very heat resistant. (rF++)
You are vulnerable to cold. (rC-)
You float through the air rather than walking.
You learn spells naturally, not from books.
Your magical power is your life essence.
You have superior vitality. (+4 MHP)


Message History

Flames lash something.
The adder bites you. Something hits you!
Casting: Scorch (safe; 8% risk of failure)
Press: ? - help, Q - select action, (/) - cycle Dir - look around, f - activate Flames lash something.
The adder closely misses you. Something hits you!
* * * LOW HITPOINT WARNING * * *
The adder bites you.
* * * LOW HITPOINT WARNING * * *
You don't have enough health to cast this spell.
Unknown command.
It was a potion of curing.
You feel better. The adder bites you.
* * * LOW HITPOINT WARNING * * *
The adder is no longer more vulnerable to fire.
The adder closely misses you.
Casting: Scorch (safe; 8% risk of failure)
Press: ? - help, Q - select action, (/) - cycle Dir - look around, f - activate Flames lash something.
* * * LOW HITPOINT WARNING * * *
The adder bites you.
* * * LOW HITPOINT WARNING * * *
The adder closely misses you.
You feel better. The adder bites you.
* * * LOW HITPOINT WARNING * * *
Casting: Scorch (safe; 8% risk of failure)
Press: ? - help, Q - select action, (/) - cycle Dir - look around, f - activate Flames lash the adder.
The adder is severely wounded.
The adder's fire resistance burns away.
* * * LOW HITPOINT WARNING * * *
The adder misses you. Something hits you!
* * * LOW HITPOINT WARNING * * *
You don't have enough health to cast this spell.
You don't have enough health to cast this spell.
Okay, then.
It was a potion of degeneration.
There was something very wrong with that liquid.
You feel weakened.
You feel dopey.
You feel clumsy. The adder barely misses you. Something hits you.
You die...

.÷# #...........# #.#
#...........# #.#
####'############## #.# #.#
.........# #.# #.# .........###
#.## #.# .........'.. #..# #.#
.........###
##.#############S###########'#.##
................@....>....##.#...
...........##.##.#.........#.#.##
...#.......##.##.#.##......#.#.##
...#≈......##.##.#.##..)...#.#.<#
...#≈≈.....##.##.#.##......#.####
...#8≈.......(##.#.##......#.....
...#≈≈.....##.##.#.###.....#.####
...#≈...##.##.##.#.##..#+#.######
...#...###.#.....#.##..#.#.#.....


You could see an adder (combustible).

Vanquished Creatures
  An adder (D:2)
  A worm (D:2)
  A dart slug (D:1)
  5 ball pythons
  6 bats
  4 endoplasms (D:1)
  2 giant cockroaches (D:2)
  2 goblins (D:1)
  4 hobgoblins (D:1)
  3 quokkas
  4 frilled lizards
  3 kobolds
  A rat (D:1)
37 creatures vanquished.

Notes
Turn   | Place    | Note
-------+----------+-------------------------------------------
     0 | D:1      | brightshaft the Djinni Cinder Acolyte began the quest for
                  | the Orb.
     0 | D:1      | Reached XP level 1. HP: 20/20 MP: 0/0
   106 | D:1      | Reached XP level 2. HP: 11/25 MP: 0/0
   702 | D:1      | Reached XP level 3. HP: 23/30 MP: 0/0
   702 | D:1      | Learned a level 1 spell: Sandblast
   793 | D:1      | Found a faded altar of an unknown god.
  1885 | D:2      | Reached XP level 4. HP: 31/37 MP: 0/0
  2063 | D:2      | Found a runed translucent door.
  2064 | D:2      | Noticed Crazy Yiuf
  2316 | D:2      | Noticed Sigmund
  2336 | D:2      | Slain by Sigmund

Illustrated notes

Levels and vault maps discovered:
D:1:      dpeg_arrival_line_fractal, layout_rooms, serial_forest,
          infiniplex_forest_diagonal, infiniplex_forest_lined_3,
          infiniplex_forest_lined_2, infiniplex_forest_straight_5,
          infiniplex_forest_end_double, infiniplex_forest_clump_small,
          infiniplex_forest_straight_4, infiniplex_forest_lined_3,
          hellmonk_ecumenical_altar_inner_sanctum, minmay_tromino_v4_a
D:2:      layout_basic, moated_statue, uniq_sigmund, uniq_crazy_yiuf_cottage

Skill      XL: |  1  2  3 |
---------------+----------+-----
Spellcasting   | 3 |  3.1
Fighting       | |  3.9
Long Blades    | |  2.6

Action                   |  1- 3 |  4- 6 || total
-------------------------+-------+-------++-------
Melee: Falchion          |    33 |     9 ||    42
       Punch             |     1 |       ||     1
 Cast: Scorch            |    23 |     8 ||    31
  Use: Potion            |       |     3 ||     3
Armor: Robe              |     6 |     4 ||    10
Dodge: Dodged            |    27 |    16 ||    43
